 Dungeon Crawl Stone Soup version 0.20-a0-924-gfa95efa (webtiles) character file.

177924 Herrn the Destroyer (level 17, 127/127 HPs)
             Began as a Demonspawn Fire Elementalist on Mar 26, 2017.
             Was a High Priest of Okawaru.
             Quit the game on level 2 of the Snake Pit on Mar 27, 2017.
             The game lasted 02:50:28 (52720 turns).

Herrn the Destroyer (Demonspawn Fire Elementalist) Turns: 52720, Time: 02:50:29

Health: 127/127    AC: 21    Str:  8    XL:     17   Next: 56%
Magic:  30/30      EV: 13    Int: 21    God:    Okawaru [*****.]
Gold:   2480       SH:  9    Dex: 16    Spells: 25/34 levels left

rFire    + . .     SeeInvis +   m - +11 war axe of Izaetatihu {protect, *Drain rPois rF+ SInv}
rCold    . . .     Gourm    +   J - +0 shield {rN+}
rNeg     + + +     Faith    .   l - quicksilver dragon scales
rPois    +         Spirit   +   O - +2 helmet {SInv}
rElec    +         Reflect  .   Z - +2 ratskin cloak {+Rats rPois rN+ Str-1 Int-1 Dex+1}
rCorr    .         Harm     .   n - +2 pair of gloves
MR       ++...                  (boots unavailable)
Stlth    ++........             G - amulet of the gourmand
Regen    0.4/turn               (no ring)
MPRegen  0.5/turn               s - ring of positive energy (curse)

@: no status effects
A: hooves 3, camouflage 1, blurry vision 1, foul stench 2, electricity
resistance, magic shield, magic regeneration, rot immunity, sanguine armour 2
a: Heroism, Finesse, Renounce Religion, Evoke Ratskin


You were on level 2 of the Snake Pit.
You worshipped Okawaru.
Okawaru was extremely pleased with you.
You were very full.

You visited 6 branches of the dungeon, and saw 27 of its levels.
You visited the Abyss 1 time.
You also visited: Sewer.

You collected 2700 gold pieces.
You spent 220 gold pieces at shops.

Inventory:

Hand Weapons
 m - the +11 war axe of Izaetatihu (weapon) {protect, *Drain rPois rF+ SInv}
   (You found it on level 6 of the Lair of Beasts)

   It protects the one who uses it against injury (+AC on strike).
   It protects you from fire.
   It protects you from poison.
   It lets you see invisible.
   It causes draining when unequipped.
 z - a +1 war axe of flaming
Armour
 l - quicksilver dragon scales (worn)
 n - a +2 pair of gloves (worn)
 J - a +0 shield of positive energy (worn)
 O - a +2 helmet of see invisible (worn)
 T - the +0 ring mail "Toj Jufa" {rElec MR+ Regen+}
   (Okawaru gifted it to you on level 1 of the Elven Halls)

   It insulates you from electricity.
   It affects your resistance to hostile enchantments.
   It increases your rate of regeneration.
 U - a scarf of resistance
 Z - the +2 ratskin cloak (worn) {+Rats rPois rN+ Str-1 Int-1 Dex+1}
   (You found it on level 13 of the Dungeon)

   It affects your strength (-1).
   It affects your intelligence (-1).
   It affects your dexterity (+1).
   It protects you from poison.
   It protects you from negative energy.
Magical Staves
 Q - an uncursed staff of conjuration
 V - an uncursed staff of death
Jewellery
 d - a +5 ring of strength
 s - a cursed ring of positive energy (right hand)
 D - an uncursed ring of protection from cold
 E - an uncursed ring of flight
 G - an amulet of the gourmand (around neck)
 I - an uncursed amulet of harm
 K - an uncursed ring of ice
 S - an uncursed ring of poison resistance
 X - an uncursed ring of resist corrosion
Wands
 o - a wand of polymorph (13/24)
 x - a wand of confusion (35/48)
Scrolls
 a - 13 scrolls of identify
 e - 6 scrolls of enchant armour
 f - 7 scrolls of enchant weapon
 g - 6 scrolls of teleportation
 k - 3 scrolls of recharging
 p - 2 scrolls of immolation
 y - a scroll of fear
 C - 2 scrolls of amnesia
 F - a scroll of blinking
 P - 8 scrolls of remove curse
 R - a scroll of brand weapon
Potions
 i - 4 potions of haste
 j - 3 potions of mutation
 t - 8 potions of lignification
 u - 21 potions of curing
 v - a potion of heal wounds
 w - 6 potions of flight
 A - 2 potions of brilliance
 B - 2 potions of agility
Books
 b - a book of Flames

   Spells                             Type                      Level
   a - Flame Tongue                   Conjuration/Fire             1
   b - Throw Flame                    Conjuration/Fire             2
   c - Conjure Flame                  Conjuration/Fire             3
   d - Inner Flame                    Hexes/Fire                   3
   e - Sticky Flame                   Conjuration/Fire             4
   f - Fireball                       Conjuration/Fire             5
 H - a book of Changes

   Spells                             Type                      Level
   a - Beastly Appendage              Transmutation                1
   b - Sticks to Snakes               Transmutation                2
   c - Spider Form                    Transmutation/Poison         3
   d - Ice Form                       Ice/Transmutation            4
   e - Blade Hands                    Transmutation                5
 L - a book of Enchantments

   Spells                             Type                      Level
   a - Cause Fear                     Hexes                        4
   b - Yara's Violent Unravelling     Hexes/Transmutation          5
   c - Silence                        Hexes/Air                    5
   d - Deflect Missiles               Charms/Air                   6
   e - Discord                        Hexes                        8
 N - a book of Necromancy

   Spells                             Type                      Level
   a - Pain                           Necromancy                   1
   b - Animate Skeleton               Necromancy                   1
   c - Vampiric Draining              Necromancy                   3
   d - Regeneration                   Charms/Necromancy            3
   e - Animate Dead                   Necromancy                   4
   f - Control Undead                 Necromancy                   4
 W - a Necronomicon

   Spells                             Type                      Level
   a - Haunt                          Necromancy/Summoning         7
   b - Borgnjor's Revivification      Necromancy                   8
   c - Death's Door                   Charms/Necromancy            8
   d - Infestation                    Necromancy                   8
   e - Necromutation                  Transmutation/Necromancy     8
Comestibles
 c - 14 bread rations
 h - 15 meat rations
 q - 18 royal jellies
 r - 4 fruits


   Skills:
 * Level 9.8 Fighting
 * Level 12.6 Axes
 + Level 6.2 Armour
 + Level 9.2 Dodging
 - Level 1.7 Stealth
 + Level 4.4 Shields
 * Level 9.2 Spellcasting
 * Level 14.2 Conjurations
 * Level 10.9 Transmutations
 * Level 12.9 Fire Magic


You had 25 spell levels left.
You knew the following spells:

 Your Spells              Type           Power        Failure   Level  Hunger
a - Flame Tongue          Conj/Fire      #####        1%          1    None
b - Sticky Flame          Conj/Fire      ######..     3%          4    ##.....
c - Beastly Appendage     Tmut           ######       1%          1    None
d - Spider Form           Tmut/Pois      ####......   28%         3    None


Dungeon Overview and Level Annotations

Branches:
Dungeon (15/15)            Temple (1/1) D:4            Lair (6/6) D:11
 Shoals (0/4) Lair:3        Snake (2/4) Lair:3        Slime (0/5) Lair:5
    Orc (2/2) D:11            Elf (1/3) Orc:2        Vaults (0/5) D:14
 Depths (0/5) D:15

Altars:
Ashenzari
Cheibriados
Dithmenos
Elyvilon
Fedhas
Gozag
Hepliaklqana
Kikubaaqudgha
Makhleb
Nemelex Xobeh
Okawaru
Qazlal
Ru
Sif Muna
Trog
Uskayaw
Vehumet
Wu Jian
Xom
Yredelemnul
Zin
The Shining One
Jiyva

Shops:
D:6 **   Orc:2 %![[   Elf:1 (


Innate Abilities, Weirdness & Mutations

You have hooves in place of feet.
You frequently emit foul miasma when damaged in melee.
When hurt, damage is shared between your health and your magic reserves.
You regenerate magic rapidly.
You are immune to rotting.
When seriously injured, your bleeding wounds create thick armour. (AC +0)
Your skin changes colour to match your surroundings (Stealth+).
Scrolls take you a little longer to read.
You are resistant to electric shocks. (rElec)


Message History

The shock serpent is severely wounded.
The shock serpent shoots out a bolt of lightning at you!
The bolt of electricity hits you! You resist.
The shock serpent barely misses you.
You slice the shock serpent!!
You kill the shock serpent!
Okawaru accepts your kill.
The air sparks with electricity, shocking you!
You are too injured to fight recklessly!
You are too injured to fight recklessly!
You are too injured to fight recklessly!
You start resting.
You start resting.
Magic restored.
You start resting.
Your blood armour dries and flakes away.
You start resting.
HP restored.
Unknown command.
Are you sure you want to abandon this character and quit the game? (Confirm with "yes".)

###### ##....## ###### ###
#......#####....#### #.#
.........#.........## ##.##
................@...###...#
......................#...##
...........................##
.....)).....................#
.##..).(..................<.#
####..........)...#..###..###
#.)...(....)..##..# #....#
#..).....(.....#...# #....#
.........(.(.........# #....#


There were no monsters in sight!

Vanquished Creatures
  Nikola (Snake:2)
  Gastronok (D:7)
  A sphinx (D:12)
  Kirke (Lair:4)
  A fire giant (D:12)
  A fire giant (shapeshifter) (D:14)
  A deep elf annihilator (Elf:1)
  Nessos (D:14)
  A dire elephant (Lair:4)
  An ettin (D:15)
  Josephine (D:14)
  A deep elf high priest (Elf:1)
  A fire dragon (D:15)
  Erolcha (Orc:1)
  Fannar (Orc:1)
  9 hydras
  A vault guard (D:14)
  4 naga warriors
  3 centaur warriors
  3 catoblepae (Lair:6)
  9 anacondas
  2 ogre magi (D:15)
  17 two-headed ogres
  4 dancing weapons
  18 death yaks
  5 orc high priests
  A tengu warrior (D:15)
  Nergalle (Lair:1)
  Urug (Lair:4)
  3 naga sharpshooters
  4 shock serpents
  Sonja (D:11)
  8 deep elf knights
  A hell knight (D:15)
  5 unseen horrors
  2 sea snakes (Snake:1)
  7 deep elf archers (Elf:1)
  6 naga ritualists
  2 wizards
  A lindwurm (Lair:4)
  A necromancer (D:14)
  27 deep elf magi (Elf:1)
  An orc knight (Orc:2)
  5 mana vipers
  3 orc sorcerers
  7 ugly things
  4 manticores
  3 cyclopes
  11 elephants
  23 black mambas
  11 naga magi
  9 spiny frogs
  Joseph (D:10)
  3 gargoyles
  5 kobold demonologists
  6 rime drakes
  A freezing wraith (D:12)
  6 komodo dragons
  2 efreet
  4 polar bears
  A wind drake (shapeshifter) (D:15)
  6 trolls
  A merfolk (D:9)
  A queen bee (Lair:3)
  A hornet (D:11)
  8 slime creatures
  9 blink frogs
  12 hippogriffs
  4 dream sheep
  7 wraiths
  Sigmund (D:6)
  2 vampires (D:14)
  A shadow (D:15)
  45 yaks
  A human (shapeshifter) (D:15)
  A spriggan (Lair:5)
  12 wyverns
  3 basilisks
  A fire elemental (Elf:1)
  22 humans (D:14)
  5 hogs
  A steam dragon (Lair:3)
  3 vampire mosquitoes (D:12)
  5 wargs
  17 nagas
  14 water moccasins
  2 hell hounds (D:11)
  2 soldier ants
  Duvessa (D:6)
  3 porcupines
  10 black bears
  38 orc warriors
  2 sky beasts
  2 hornet zombies
  6 ice beasts
  2 eyes of draining
  10 ogres
  2 phantoms
  A boggart (Elf:1)
  A wolf (Lair:3)
  16 crocodiles
  15 centaurs
  22 bullfrogs
  5 big kobolds
  3 gnoll sergeants
  2 earth elementals (Elf:1)
  Dowan (D:6)
  A wyvern skeleton (D:14)
  3 scorpions
  41 killer bees
  3 wights (D:6)
  5 howler monkeys
  9 electric eels
  5 centaur zombies
  14 crimson imps
  6 bullfrog zombies
  6 jellies
  3 bullfrog skeletons
  5 gnoll shamans
  8 hounds
  31 orc priests
  39 orc wizards
  9 centaur skeletons
  4 iguanas
  17 worker ants
  2 killer bee zombies
  A hound zombie (D:7)
  4 hound skeletons
  2 worker ant zombies
  A howler monkey skeleton (D:6)
  15 gnolls
  A river rat (Lair:3)
  21 adders
  4 shadow imps
  11 oozes
  An adder zombie (D:6)
  2 worms
  2 dart slugs (D:1)
  7 leopard geckos
  94 orcs
  8 giant cockroaches
  4 goblins
  8 hobgoblins
  9 jackals
  5 quokkas
  4 ball pythons
  10 bats
  5 frilled lizards
  A jackal skeleton (D:4)
  34 kobolds
  A leopard gecko zombie (D:6)
  2 quokka skeletons
  A quokka zombie (D:5)
  9 rats
  4 plants (D:9)
1078 creatures vanquished.

Vanquished Creatures (others)
  A manticore (D:13)
  A salamander (Snake:2)
  A water elemental (Elf:1)
  2 humans (Lair:4)
  An orc priest (Orc:2)
  An orc (Orc:1)
  8 fungi
  55 plants
  6 toadstools (Lair:4)
76 creatures vanquished.

Grand Total: 1154 creatures vanquished

Notes
Turn   | Place    | Note
-------+----------+-------------------------------------------
     0 | D:1      | Herrn the Demonspawn Fire Elementalist began the quest for the Orb.
     0 | D:1      | Reached XP level 1. HP: 13/13 MP: 3/3
   368 | D:1      | Gained mutation: When hurt, damage is shared between your health and your magic reserves. [demonic ancestry]
   368 | D:1      | Reached XP level 2. HP: 19/19 MP: 3/5
  1236 | D:1      | Gained mutation: You regenerate magic rapidly. [demonic ancestry]
  1236 | D:1      | Reached XP level 3. HP: 24/24 MP: 1/6
  1829 | D:2      | Found a burning altar of Makhleb.
  1829 | D:2      | Noticed a green death
  1832 | D:2      | Found a glowing silver altar of Zin.
  1832 | D:2      | Noticed an angel
  2184 | D:2      | Reached skill level 2 in Conjurations
  2184 | D:2      | Reached XP level 4. HP: 30/30 MP: 3/7
  2208 | D:2      | Learned a level 4 spell: Sticky Flame
  2925 | D:3      | Found a shimmering altar of Xom.
  3306 | D:3      | Gained mutation: You are immune to rotting. [demonic ancestry]
  3306 | D:3      | Reached XP level 5. HP: 35/35 MP: 2/8
  3480 | D:3      | Reached skill level 3 in Conjurations
  3661 | D:3      | Found an opulent altar of Gozag.
  3928 | D:4      | Found a glowing drain.
  4001 | Sewer    | Entered a sewer
  4316 | Sewer    | Reached XP level 6. HP: 41/41 MP: 6/9
  4574 | Sewer    | Reached skill level 4 in Conjurations
  4574 | Sewer    | Reached skill level 5 in Fire Magic
  5192 | D:4      | Noticed a water moccasin
  5199 | D:4      | Killed a water moccasin
  5199 | D:4      | Gained mutation: You may emit foul miasma when damaged in melee. [demonic ancestry]
  5199 | D:4      | Reached XP level 7. HP: 46/46 MP: 1/10
  5348 | D:4      | Found a staircase to the Ecumenical Temple.
  5356 | Temple   | Entered the Ecumenical Temple
  5492 | D:4      | Reached skill level 5 in Conjurations
  6623 | D:5      | Entered Level 5 of the Dungeon
  6666 | D:5      | Reached skill level 6 in Conjurations
  6666 | D:5      | Gained mutation: When seriously injured, your bleeding wounds create armour. (AC +0) [demonic ancestry]
  6666 | D:5      | Reached XP level 8. HP: 52/52 MP: 8/11
  6827 | D:5      | Found a basalt altar of Yredelemnul.
  6896 | D:5      | Found a shimmering altar of Xom.
  7297 | D:5      | Found a shadowy altar of Dithmenos.
  7297 | D:5      | Found a snail-covered altar of Cheibriados.
  7299 | D:5      | Found a shattered altar of Ashenzari.
  7309 | D:5      | Learned a level 1 spell: Beastly Appendage
  7521 | D:5      | Found an iron altar of Okawaru.
  7523 | D:5      | Found an ornate altar of the Wu Jian Council.
  7530 | D:5      | Became a worshipper of Warmaster Okawaru
  7612 | D:5      | Reached skill level 7 in Conjurations
  8190 | D:6      | Found a sacrificial altar of Ru.
  8200 | D:6      | Noticed Dowan
  8286 | D:6      | Found Fwidydokhuph's Fabulous Fripperies.
  8302 | D:6      | Noticed Duvessa
  8332 | D:6      | Killed Duvessa
  8337 | D:6      | Killed Dowan
  8557 | D:6      | Reached XP level 9. HP: 57/57 MP: 7/12
  8739 | D:5      | Reached skill level 8 in Conjurations
  9069 | D:6      | Noticed Sigmund
  9083 | D:6      | Killed Sigmund
  9083 | D:6      | Reached * piety under Okawaru
  9657 | D:6      | Reached ** piety under Okawaru
  9657 | D:6      | Reached skill level 5 in Dodging
  9657 | D:6      | Reached skill level 9 in Conjurations
  9856 | D:6      | Found Ysues's Serpentskin Sales.
 10249 | D:6      | Learned a level 3 spell: Spider Form
 10294 | D:6      | Reached skill level 1 in Transmutations
 10607 | D:7      | Found a hazy altar of Hepliaklqana.
 10819 | D:7      | Gained mutation: You have large cloven feet. [demonic ancestry]
 10819 | D:7      | Reached XP level 10. HP: 63/63 MP: 7/13
 11053 | D:7      | Gained mutation: Your skin changes colour to match your surroundings (Stealth+). [potion of mutation]
 11053 | D:7      | Gained mutation: You are resistant to electric shocks. (rElec) [potion of mutation]
 11546 | D:8      | Noticed a two-headed ogre
 11609 | D:8      | Noticed Gastronok
 12056 | D:8      | Reached *** piety under Okawaru
 12292 | D:6      | Bought a +2 robe of poison resistance for 220 gold pieces
 12608 | D:7      | Killed Gastronok
 12608 | D:7      | Reached skill level 1 in Fighting
 12608 | D:7      | Reached skill level 10 in Conjurations
 12792 | D:7      | Reached **** piety under Okawaru
 12817 | D:6      | Received a gift from Okawaru
 13427 | D:8      | Killed a two-headed ogre
 13514 | D:8      | Reached XP level 11. HP: 70/72 MP: 9/14
 14168 | D:8      | Noticed a two-headed ogre
 14179 | D:8      | Killed a two-headed ogre
 14179 | D:8      | Reached ***** piety under Okawaru
 14179 | D:8      | Received a gift from Okawaru
 14179 | D:8      | Reached skill level 11 in Conjurations
 14179 | D:8      | Reached skill level 10 in Fire Magic
 15179 | D:9      | Noticed a two-headed ogre
 15193 | D:9      | Killed a two-headed ogre
 15287 | D:9      | Reached skill level 5 in Transmutations
 15690 | D:9      | Received a gift from Okawaru
 15699 | D:9      | Got a brightly glowing ring mail {god gift}
 15720 | D:9      | Identified the +0 ring mail of Jaulueg {MP+9 Dex+4} (Okawaru gifted it to you on level 9 of the Dungeon)
 15803 | D:9      | Noticed a two-headed ogre
 15817 | D:9      | Killed a two-headed ogre
 16575 | D:9      | Found a sparkling altar of Nemelex Xobeh.
 16824 | D:9      | Reached skill level 1 in Armour
 17530 | D:10     | Entered Level 10 of the Dungeon
 17539 | D:10     | Noticed a two-headed ogre
 17552 | D:10     | Killed a two-headed ogre
 17552 | D:10     | Gained mutation: You have hoof-like feet. [demonic ancestry]
 17552 | D:10     | Reached XP level 12. HP: 60/80 MP: 13/17
 18325 | D:10     | Noticed Joseph
 18398 | D:10     | Killed Joseph
 18677 | D:10     | Reached skill level 12 in Conjurations
 19304 | D:11     | Found a staircase to the Lair.
 19533 | D:11     | Noticed Sonja
 20255 | D:11     | Killed Sonja
 20255 | D:11     | Received a gift from Okawaru
 20350 | D:11     | Reached skill level 1 in Axes
 20575 | D:11     | Found a staircase to the Orcish Mines.
 20668 | D:11     | Paralysed by a hornet for 2 turns
 22118 | D:12     | Reached skill level 5 in Spellcasting
 22311 | Lair:1   | Entered Level 1 of the Lair of Beasts
 22311 | Lair:1   | Noticed Nergalle
 22311 | Lair:1   | Noticed an eight-headed hydra
 22625 | Lair:1   | Killed Nergalle
 22739 | Lair:1   | Killed an eight-headed hydra
 23992 | Lair:3   | Reached XP level 13. HP: 88/88 MP: 21/21
 24012 | Lair:3   | Found a staircase to the Shoals.
 24423 | Lair:3   | Received a gift from Okawaru
 24425 | Lair:3   | Found a staircase to the Snake Pit.
 26350 | Lair:4   | Noticed Urug
 26520 | Lair:4   | Killed Urug
 26667 | Lair:4   | Noticed Kirke
 26789 | Lair:3   | Reached skill level 5 in Fighting
 27003 | Lair:4   | Killed Kirke
 27864 | Lair:4   | Received a gift from Okawaru
 28118 | Lair:4   | Found a runed door.
 28456 | Lair:4   | Noticed a dire elephant
 28738 | Lair:4   | Killed a dire elephant
 29390 | Lair:4   | Reached skill level 1 in Shields
 29394 | Lair:4   | Reached XP level 14. HP: 89/100 MP: 13/23
 29884 | Lair:5   | Found a staircase to the Slime Pits.
 29920 | Lair:5   | Got an ancient falchion
 30861 | Lair:6   | Entered Level 6 of the Lair of Beasts
 30886 | Lair:6   | Reached skill level 5 in Axes
 31302 | Lair:6   | Reached skill level 13 in Conjurations
 32019 | Lair:6   | Reached skill level 5 in Armour
 32179 | Lair:6   | Received a gift from Okawaru
 35373 | Lair:6   | Identified the +11 war axe of Izaetatihu {protect, *Drain rPois rF+ SInv} (You found it on level 6 of the Lair of Beasts)
 35375 | Lair:6   | Identified the +1 executioner's axe "Teiriah" {chop, +Fly Str+8 Int+2} (You found it on level 6 of the Lair of Beasts)
 35729 | D:12     | Noticed a sphinx
 35730 | D:12     | Noticed a fire giant
 35749 | D:12     | Killed a sphinx
 35917 | D:12     | Killed a fire giant
 36052 | D:12     | Gained mutation: When seriously injured, your bleeding wounds create thick armour. (AC +0) [demonic ancestry]
 36052 | D:12     | Reached XP level 15. HP: 104/108 MP: 24/26
 36522 | D:13     | Found a viscous altar of Jiyva.
 36854 | D:13     | Received a gift from Okawaru
 36946 | D:13     | Identified the +0 trident of Proximity {holy, *Drain rElec Str+4} (You found it on level 13 of the Dungeon)
 37703 | D:14     | Found a sacrificial altar of Ru.
 37805 | D:14     | Noticed Josephine
 37821 | D:14     | Killed Josephine
 38144 | D:14     | Reached ****** piety under Okawaru
 38258 | D:14     | Found a gate to the Vaults.
 38291 | D:14     | Received a gift from Okawaru
 38530 | D:14     | Noticed a fire giant
 38539 | D:14     | Killed a fire giant
 38623 | D:14     | Noticed Nessos
 39059 | D:14     | Killed Nessos
 39432 | D:15     | Entered Level 15 of the Dungeon
 40418 | D:15     | Found a staircase to the Depths.
 40623 | D:15     | Gained mutation: You have hooves in place of feet. [demonic ancestry]
 40623 | D:15     | Reached XP level 16. HP: 117/117 MP: 25/28
 40658 | D:15     | Received a gift from Okawaru
 40658 | D:15     | Reached skill level 10 in Axes
 41174 | Orc:1    | Entered Level 1 of the Orcish Mines
 41180 | Orc:1    | Noticed Erolcha
 41181 | Orc:1    | Reached skill level 10 in Transmutations
 41192 | Orc:1    | Killed Erolcha
 41430 | Orc:1    | Noticed Fannar
 41447 | Orc:1    | Killed Fannar
 41467 | Orc:1    | Found a bloodstained altar of Trog.
 41489 | Orc:1    | Found a radiant altar of Vehumet.
 41807 | Orc:2    | Entered Level 2 of the Orcish Mines
 41807 | Orc:2    | Found a staircase to the Elven Halls.
 42383 | Orc:2    | Gained mutation: Scrolls take you a little longer to read. [a neqoxec]
 42637 | Orc:2    | Cast into level 2 of the Abyss (orc knight)
 42640 | Abyss:2  | Found a corrupted altar of Lugonu.
 42774 | Orc:2    | Escaped the Abyss
 43561 | Orc:2    | Found Quol's Distillery.
 43561 | Orc:2    | Found Jathokud's Food Shoppe.
 43562 | Orc:2    | Found Mikh's Armour Emporium.
 43565 | Orc:2    | Found Vusyxof's Armour Emporium.
 43838 | Elf:1    | Entered Level 1 of the Elven Halls
 44791 | Elf:1    | Received a gift from Okawaru
 44796 | Elf:1    | Identified the +0 ring mail "Toj Jufa" {rElec MR+ Regen+} (Okawaru gifted it to you on level 1 of the Elven Halls)
 45042 | Elf:1    | Found Hacot's Weapon Boutique.
 46754 | Elf:1    | Noticed a Brimstone Fiend
 47427 | Orc:2    | Upgraded the game from 0.20-a0-923-g548304e to 0.20-a0-924-gfa95efa
 47593 | Lair:3   | Reached skill level 14 in Conjurations
 47634 | Snake:1  | Entered Level 1 of the Snake Pit
 48031 | Lair:3   | Gained mutation: You frequently emit foul miasma when damaged in melee. [demonic ancestry]
 48031 | Lair:3   | Reached XP level 17. HP: 58/126 MP: 14/29
 48272 | Snake:1  | Received a gift from Okawaru
 52298 | Snake:2  | Noticed Nikola
 52335 | Snake:2  | Killed Nikola
 52335 | Snake:2  | Received a gift from Okawaru
 52720 | Snake:2  | Quit the game

Vault maps used:
D:1:      lightli_arrival_isolated_outpost
D:2:      minmay_diamond_boxcup, grunt_temple_overflow_order_and_chaos_2
D:3:      minmay_wonky_spiral, marbit_many_paths, lemuel_crystal_altar
D:4:      minmay_temple_entry_statues_pillars, gup_sewer_entry_glass
D:5:      kennysheep_mini_moat, grunt_temple_overflow_open, first_bread,
          led_xom_imps
D:6:      nicolae_ru_awakened_eye, hangedman_decor_opposing,
          nicolae_alphabet_shops, guppyfry_shop_venom, uniq_duvessa,
          uniq_sigmund
D:7:      lemuel_coloured_pillars_altar
D:8:      uniq_gastronok
D:9:      kennysheep_town
D:10:     uniq_joseph
D:11:     minmay_lair_entry_lava, david_orc_4, hangedman_pestilent_swarm,
          uniq_sonja
D:12:     minmay_mutant_horseshoe
D:13:     jiyva_altar_1
D:14:     grunt_vaults_entry_tiered, eino_curves_01, basic_altar,
          uniq_josephine, uniq_nessos
D:15:     hangedman_depths_entry_civil_slaughter, minmay_statues_item
Temple:   compressed_dpeg_circular_temple
Lair:1:   uniq_nergalle
Lair:3:   regret_index_tunnel_blossom, elwin_shoals_entry_rocks,
          guppyfry_snake_entry_island
Lair:4:   gammafunk_lair_enchanted_lake, uniq_urug, uniq_kirke
Lair:5:   nicolae_slime_entry_slimehenge, grunt_forest_large_clearing_hut
Lair:6:   evilmike_catoblepas_cave
Snake:1:  cheibrodos_snake_ritualist_ritual, basic_loot_grate_trap,
          evilmike_ambush, grunt_megastairs_4, serial_bayou_shore_a
Snake:2:  hangedman_snake_sidewinding, uniq_nikola
Orc:1:    basic_altar, trog_book, uniq_fannar, uniq_erolcha
Orc:2:    st_orc_mages
Elf:1:    eino_elf_arrival_the_gate, serial_shops, nicolae_shop_window_shopping,
          hangedman_elf_disciples
Sewer:    kennysheep_pipe_town

Skill      XL: |  1  2  3  4  5  6  7  8  9 10 11 12 13 14 15 16 17 |
---------------+----------------------------------------------------+-----
Fire Magic     | 3 4 5 6 7 8 9 10 11 12 | 12.9
Dodging        | 2 3 4 5 6 7 8 9 |  9.2
Conjurations   | 2 3 4 6 7 9 10 11 12 13 14 | 14.2
Transmutations | 1 3 5 7 8 9 10 | 10.9
Fighting       | 1 2 4 6 7 8 9 |  9.8
Spellcasting   | 3 5 6 7 8 9 |  9.2
Armour         | 1 2 4 5 6 |  6.2
Axes           | 2 4 7 9 11 12 | 12.6
Shields        | 1 2 3 4 |  4.4
Stealth        | |  1.7

Action                   |  1- 3 |  4- 6 |  7- 9 | 10-12 | 13-15 | 16-18 || total
-------------------------+-------+-------+-------+-------+-------+-------++-------
Melee: Unarmed           |    20 |    20 |       |       |       |       ||    40
       Dagger            |       |     1 |   123 |   401 |   679 |       ||  1204
       Headbutt          |       |       |     1 |     3 |       |       ||     4
       Staff             |       |       |       |       |    25 |       ||    25
       War axe           |       |       |       |       |   680 |  1227 ||  1907
       Kick              |       |       |       |       |       |   316 ||   316
 Cast: Flame Tongue      |    68 |   130 |   316 |   611 |   265 |    12 ||  1402
       Sticky Flame      |       |     1 |    17 |    85 |   183 |    13 ||   299
       Beastly Appendage |       |       |     4 |     1 |       |       ||     5
Invok: Heroism           |       |       |       |     1 |    32 |    28 ||    61
 Abil: Evoke Ratskin     |       |       |       |       |     1 |       ||     1
Evoke: Wand              |       |       |       |     6 |     1 |       ||     7
  Use: Scroll            |       |     6 |     5 |    11 |    11 |     3 ||    36
       Potion            |       |     3 |       |    14 |    10 |     2 ||    29
 Stab: Sleeping          |     1 |       |     1 |     2 |     5 |     2 ||    11
       Distracted        |       |       |       |     2 |     2 |     1 ||     5
       Petrified         |       |       |       |       |     2 |       ||     2
  Eat: Chunk             |     5 |    10 |    22 |    46 |    77 |    36 ||   196
       Fruit             |       |     2 |     3 |     9 |     4 |       ||    18
       Royal jelly       |       |       |       |     3 |       |       ||     3
       Meat ration       |       |       |       |     1 |       |     1 ||     2
Armor: Robe              |    14 |    16 |    52 |    51 |       |       ||   133
       Ring mail         |       |       |       |   160 |       |       ||   160
       Quicksilver drago |       |       |       |    32 |   870 |   613 ||  1515
       Plate armour      |       |       |       |    15 |       |       ||    15
Dodge: Dodged            |    37 |    70 |   188 |   461 |  1052 |   683 ||  2491
Block: Buckler           |       |       |       |       |    99 |       ||    99
       Shield            |       |       |       |       |   414 |   543 ||   957
